 Dungeon Crawl Stone Soup version 0.30-a0-634-g8abc85282e (webtiles) character file.

Game seed: 5342813672481904194

3586 Dirtsage the Transmogrifier (level 10, -1/79 HPs)
             Began as an Octopode Transmuter on Jan 14, 2023.
             Was an Initiate of Gozag.
             Shot with an arrow by a centaur (4 damage)
             ... on level 8 of the Dungeon.
             The game lasted 00:15:16 (7202 turns).

Dirtsage the Transmogrifier (Octopode Transmuter)   Turns: 7202, Time: 00:15:17

Health: -1/79      AC:  9    Str: 15    XL:     10   Next: 10%
Magic:  22/22      EV: 11    Int: 20    God:    Gozag
Gold:   617        SH:  0    Dex: 13    Spells: 7/13 levels left

rFire   x . .      SeeInvis .      - Unarmed
rCold   + + +      Faith    .    (shield currently unavailable)
rNeg    . . .      Spirit   .    (helmet currently unavailable)
rPois   +          Reflect  .    o - amulet of regeneration
rElec   .          Harm     .    d - +6 ring of strength
rCorr   .          Rampage  .    m - ring of willpower
Will    +....                    I - ring of protection from cold
Stlth   +                        s - ring of magical power
HPRegen 1.13/turn                (no ring)
MPRegen 0.18/turn                (no ring)
                                 (no ring)
                                 (no ring)

@: ice-form, gold aura
A: freezing attack, boosted hp, almost no armour, amphibious, 8 rings, large,
(camouflage 1), (gelatinous body 1), (nimble swimmer 1), (tentacles), (antennae
1), (tentacle spike 1), (fire resistance 1)
a: End Transformation, Renounce Religion, Potion Petition, Call Merchant, Bribe
Branch


You were on level 8 of the Dungeon.
You worshipped Gozag.
Gozag was pleased with you.
You were a creature of crystalline ice.
You visited 2 branches of the dungeon, and saw 9 of its levels.

You collected 741 gold pieces.
You paid 124 gold pieces to Gozag.

Inventory:

Missiles
 j - 2 throwing nets
 v - a curare-tipped dart
Magical Staves
 f - a staff of poison
Jewellery
 d - a +6 ring of strength (left front paw)
 m - a ring of willpower (right front paw)
 o - an amulet of regeneration (around neck)
 s - a ring of magical power (on tentacle)
 I - a ring of protection from cold (on tentacle)
Wands
 x - a wand of iceblast (8)
 D - a wand of digging (6)
Scrolls
 g - 3 scrolls of fear
 k - a scroll of magic mapping
 p - 2 scrolls of noise
 t - 3 scrolls of teleportation
 w - 2 scrolls of enchant armour
 B - a scroll of blinking
Potions
 a - 2 potions of lignification
 b - 2 potions of ambrosia
 c - a potion of mutation
 e - a potion of cancellation
 h - 2 potions of haste {unknown}
 i - a potion of degeneration {unknown}
 l - 2 potions of might {unknown}
 n - 2 potions of brilliance
 q - a potion of curing
 r - a potion of flight
 u - a potion of magic
 z - a potion of attraction {unknown}


   Skills:
 + Level 5.0 Fighting
 + Level 5.4 Dodging
 + Level 5.8 Unarmed Combat
 - Level 2.0 Spellcasting
 - Level 8.0 Transmutations
 - Level 8.0 Ice Magic


You had 7 spell levels left.
You knew the following spells:

 Your Spells              Type           Power      Damage    Failure   Level
a - Ice Form              Ice/Tmut       34%        N/A       6%          4
b - Wereblood             Tmut           34%        N/A       1%          2

Your spell library contained the following spells:

 Spells                   Type           Power      Damage    Failure   Level
 Beastly Appendage        Tmut           68%        N/A       1%          1
 Passwall                 Tmut/Erth      15%        N/A       4%          2
 Spider Form              Tmut/Pois      18%        N/A       9%          3
 Apportation              Tloc           4%         N/A       16%         1
 Necrotise                Necr           8%         1d4       16%         1
 Sandblast                Erth           4%         2d4       16%         1
 Summon Small Mammal      Summ           8%         N/A       16%         1
 Blink                    Tloc           4%         N/A       24%         2
 Momentum Strike          Conj/Tloc      4%         3d8       24%         2
 Inner Flame              Hex/Fire       2%         N/A       43%         3
 Lesser Beckoning         Tloc           4%         N/A       43%         3
 Stone Arrow              Conj/Erth      4%         3d7       43%         3
 Flame Wave               Conj/Fire      2%         2d4       83%         4
 Sticky Flame             Conj/Fire      2%         2d3       83%         4


Dungeon Overview and Level Annotations

Branches:
Dungeon (8/15)             Temple (1/1) D:5
   Lair: D:8-11

Altars:
Ashenzari
Cheibriados
Dithmenos
Elyvilon
Fedhas
Gozag
Hepliaklqana
Kikubaaqudgha
Makhleb
Nemelex Xobeh
Okawaru
Qazlal
Ru
Sif Muna
Trog
Uskayaw
Vehumet
Wu Jian
Xom
Yredelemnul
Zin
The Shining One

Shops:
D:2 =   D:5 [


Innate Abilities, Weirdness & Mutations

You are a creature of crystalline ice.
You have a powerful freezing melee attack.
Your maximum health is increased.
Your armour is entirely melded.
You are incapable of wielding weapons or throwing items.
You cannot wear most types of armour.
You are amphibious.
You can wear up to eight rings at the same time.
((Your skin changes colour to match your surroundings (Stealth+).))
((Your rubbery body absorbs attacks. (AC +1, EV +1)))
((You are camouflaged when in or above water. (Stealth+)))
((You have tentacles for arms and can constrict up to eight enemies at once.))
((You have a pair of small antennae on your head.))
((One of your tentacles bears a spike.))
((Your flesh is heat resistant. (rF+)))


Message History

You feel strangely unstable.
You feel sick.
The killer bee stings you but does no damage. x2
The death yak attacks as you move away! The death yak gores you!
* * * LOW HITPOINT WARNING * * *
You feel sick. The killer bee barely misses you.
The killer bee stings you but does no damage.
You take 8 damage, and have 18/79 hp.
You feel sick.
The killer bee stings you but does no damage.
The death yak attacks as you move away! The death yak gores you.
* * * LOW HITPOINT WARNING * * *
You feel sick. The killer bee stings you.
* * * LOW HITPOINT WARNING * * *
You take 8 damage, and have 10/79 hp.
The killer bee attacks as you move away!
The killer bee barely misses you. The death yak attacks as you move away!
The death yak gores you but does no damage.
Your surroundings suddenly seem different.
You feel sick.
You feel sick.
You are no longer poisoned.
A centaur comes into view. It is quivering poisoned darts.
The centaur shouts!
The centaur wields a +0 shortbow.
The centaur shoots an arrow.
The arrow closely misses you.
The centaur shoots an arrow.
The arrow closely misses you.
You regained 2 hp, and now have 13/79 hp.
The centaur shoots an arrow.
The arrow hits you.
* * * LOW HITPOINT WARNING * * *
You take 3 damage, and have 10/79 hp.
The centaur shoots an arrow.
The arrow completely misses you.
The centaur shoots an arrow.
The arrow hits you.
* * * LOW HITPOINT WARNING * * *
You take 5 damage, and have 5/79 hp.
The centaur shoots an arrow.
The arrow hits you but does no damage.
The centaur shoots an arrow.
The arrow hits you.
* * * LOW HITPOINT WARNING * * *
The centaur shoots an arrow.
The arrow hits you.
You die...
Your body crumbles into a pile of gold.

#... .##. ##
#)......##...
#..##.......##
#......c.....#.
###..............
##...............
#................ .
#..Y.........## ..
......##..........#...
##... ##.............
...# #......$...... ..
#............. .
................
###..............
#..........###. $
.....$.....##


You could see a centaur.

Vanquished Creatures
  A death yak (D:8)
  Grinder (D:6)
  2 steam dragons
  3 water moccasins
  An orc warrior (D:6)
  A sky beast (D:7)
  An ice beast (D:7)
  2 ogres
  A centaur (D:5)
  3 phantoms
  A kobold brigand (D:6)
  4 bullfrogs (D:7)
  A necrophage (D:8)
  3 scorpions (D:5)
  6 killer bees
  A howler monkey (D:4)
  A hound (D:7)
  3 orc priests
  2 jellies
  5 orc wizards
  Natasha (thrice) (D:2)
  8 adders
  4 gnolls
  A shadow imp (D:7)
  A white imp (D:6)
  An ufetubus (D:5)
  3 worms (D:3)
  A dart slug (D:2)
  30 orcs
  4 bats
  12 endoplasms
  2 giant cockroaches
  7 goblins
  5 hobgoblins
  6 jackals
  14 kobolds
  3 quokkas
  6 ball pythons
  2 frilled lizards (D:2)
  6 rats
162 creatures vanquished.

Notes
Turn   | Place    | Note
-------+----------+-------------------------------------------
     0 | D:1      | Dirtsage the Octopode Transmuter began the quest for the
                  | Orb.
     0 | D:1      | Reached XP level 1. HP: 13/13 MP: 3/3
   173 | D:1      | Reached skill level 1 in Ice Magic
   173 | D:1      | Reached XP level 2. HP: 10/18 MP: 5/5
   850 | D:2      | Found Ihit's Jewellery Shop.
   984 | D:2      | Learned a level 2 spell: Wereblood
  1112 | D:2      | Noticed Natasha
  1120 | D:2      | Killed Natasha
  1121 | D:2      | Reached XP level 3. HP: 10/23 MP: 3/6
  1338 | D:2      | Noticed Natasha
  1346 | D:2      | Killed Natasha
  1347 | D:2      | Reached XP level 4. HP: 4/28 MP: 5/7
  1467 | D:2      | Noticed Natasha
  1498 | D:2      | Killed Natasha
  1925 | D:3      | Reached XP level 5. HP: 30/33 MP: 8/8
  2033 | D:3      | Learned a level 4 spell: Ice Form
  2527 | D:3      | Found a bloodstained altar of Trog.
  2850 | D:3      | Reached XP level 6. HP: 38/38 MP: 9/9
  3387 | D:4      | Reached skill level 5 in Transmutations
  3439 | D:4      | Reached XP level 7. HP: 29/43 MP: 4/10
  3941 | D:4      | Gained mutation: You have a pair of small antennae on your
                  | head. [potion of mutation]
  3941 | D:4      | Gained mutation: Your flesh is heat resistant. (rF+)
                  | [potion of mutation]
  3941 | D:4      | Gained mutation: One of your tentacles bears a spike.
                  | [potion of mutation]
  3966 | D:5      | Entered Level 5 of the Dungeon
  3983 | D:5      | Reached skill level 5 in Ice Magic
  4053 | D:5      | Noticed a steam dragon
  4224 | D:5      | Killed a steam dragon
  4405 | D:5      | Found a staircase to the Ecumenical Temple.
  4422 | D:5      | Reached XP level 8. HP: 38/48 MP: 7/11
  4479 | Temple   | Entered the Ecumenical Temple
  4625 | Temple   | Became a worshipper of Elyvilon the Healer
  4934 | D:5      | Found Vorhiel's Armour Boutique.
  5078 | D:5      | Found a snail-covered altar of Cheibriados.
  5249 | D:6      | Reached * piety under Elyvilon
  5272 | D:6      | Noticed Grinder
  5306 | D:6      | Killed Grinder
  5410 | D:6      | Found a shadowy altar of Dithmenos.
  5507 | D:6      | Identified the +6 sling of Dim Light {heavy, rElec rPois
                  | MP+9 Str-3}
  5707 | D:6      | Reached XP level 9. HP: 53/53 MP: 12/12
  5726 | D:6      | Reached ** piety under Elyvilon
  5735 | D:6      | Found an opulent altar of Gozag.
  5741 | D:6      | Found a hazy altar of Hepliaklqana.
  5742 | D:6      | Found a glowing silver altar of Zin.
  5750 | D:6      | Found a glowing golden altar of the Shining One.
  5755 | D:6      | Found a radiant altar of Vehumet.
  5781 | D:6      | Fell from the grace of Elyvilon
  5781 | D:6      | Became a worshipper of Gozag Ym Sagoz the Greedy
  6273 | D:7      | Identified the +1 leather armour "Qaeproy" {rN+ Dex+4}
  6418 | D:7      | Found a shimmering blue altar of Sif Muna.
  6701 | D:7      | Found a hide-covered altar of Uskayaw.
  6784 | D:7      | Found a blossoming altar of Fedhas.
  7044 | D:8      | Reached skill level 5 in Unarmed Combat
  7170 | D:8      | Noticed a death yak
  7184 | D:8      | Noticed a death yak
  7187 | D:8      | Noticed a death yak
  7190 | D:8      | Killed a death yak
  7191 | D:8      | Reached skill level 5 in Fighting
  7191 | D:8      | Reached skill level 5 in Dodging
  7191 | D:8      | Reached XP level 10. HP: 25/66 MP: 13/13
  7202 | D:8      | HP: 3/79 [centaur/arrow (4)]
  7202 | D:8      | Shot with an arrow by a centaur

Illustrated notes

Levels and vault maps discovered:
D:1:      scummos_arrival_hexagon, layout_basic, serial_forest,
          infiniplex_forest_clump_medium, infiniplex_forest_lined_2,
          infiniplex_forest_side_room, infiniplex_forest_lined_2
D:2:      layout_basic, serial_shops, nicolae_shop_hallway_plus, uniq_natasha
D:3:      layout_basic, trog_antimagical, grunt_ministairs_12, st_stairs_8,
          minmay_randomly_rotated_circles
D:4:      layout_cave_pools, minmay_cut_off
D:5:      layout_loops_ring, mainiacjoe_overflow_alcove_1,
          minmay_temple_entry_mist, serial_shops, nicolae_shop_hallway_plus,
          st_stairs_10
D:6:      layout_basic, minmay_overflow_temple_star_hex,
          nicolae_dithmenos_shadow_blocks, uniq_grinder
D:7:      layout_basic, nicolae_overflow_crystal_walls,
          nicolae_uskayaw_murder_on_the_dancefloor, fedhas_altar_1
D:8:      layout_cave_pools, dpeg_lair_monsters, grunt_ministairs_4,
          kennysheep_minor_cross
Temple:   nicolae_temple_bog_church

Skill      XL: |  1  2  3  4  5  6  7  8  9 |
---------------+----------------------------+-----
Ice Magic      | 1 2 3 4 6 7 8 |  8.0
Transmutations | 3 4 5 6 8 |  8.0
Fighting       | 5 |  5.0
Dodging        | 5 |  5.4
Unarmed Combat | 5 |  5.8
Spellcasting   | |  2.0

Action                   |  1- 3 |  4- 6 |  7- 9 | 10-12 || total
-------------------------+-------+-------+-------+-------++-------
Melee: Unarmed           |    62 |   126 |   204 |       ||   392
       Constrict         |    16 |    27 |     2 |       ||    45
       Tentacles         |     9 |    16 |     3 |       ||    28
       Kick              |    10 |    13 |       |       ||    23
       Punch             |     2 |     5 |       |       ||     7
 Cast: Beastly Appendage |     6 |     9 |       |       ||    15
       Wereblood         |     1 |     6 |     8 |       ||    15
       Ice Form          |       |     7 |    25 |       ||    32
Evoke: Wand              |       |       |     2 |       ||     2
  Use: Scroll            |       |     3 |    15 |     1 ||    19
       Potion            |       |       |     1 |       ||     1
 Stab: Sleeping          |     4 |     6 |       |       ||    10
Armor: Skin              |     8 |    15 |    62 |     6 ||    91
Dodge: Dodged            |    32 |    59 |    73 |     5 ||   169

Table legend: (Time is in decaauts)
 A = Elapsed time spent in this place.
 B = Non-inter-level travel time spent in this place.
 C = Inter-level travel time spent in this place.
 D = Time resting spent in this place.
 E = Time spent auto-exploring this place.
 F = Levels seen in this place.
 G = Mean time per level.
                   A        B        C        D        E       F      G
               +--------+--------+--------+--------+--------+-----+--------+
         Total |   7182 |   6931 |    251 |    250 |   5502 |   9 |  798.0 |
       Dungeon |   7025 |   6796 |    229 |    250 |   5379 |   8 |  878.1 |
        Temple |    156 |    134 |     22 |      0 |    123 |   1 |  156.0 |
               +--------+--------+--------+--------+--------+-----+--------+

Top non-repeatable levels by time:
     D:3: 1327 daAuts
     D:6: 1071 daAuts
     D:2: 1044 daAuts
     D:5: 949 daAuts
     D:1: 849 daAuts
     D:4: 778 daAuts
     D:7: 662 daAuts
     D:8: 343 daAuts
  Temple: 156 daAuts
